 Dungeon Crawl Stone Soup version 0.29.1-15-g9cfb28693d (webtiles) character file.

Game seed: 8339001908044752324

7 croobank the Firebug (level 1, -1/13 HPs)
             Began as a Demonspawn Fire Elementalist on Apr 18, 2023.
             Slain by a quokka (3 damage)
             ... on level 1 of the Dungeon.
             The game lasted 00:02:34 (387 turns).

croobank the Firebug (Demonspawn Fire Elementalist)  Turns: 387, Time: 00:02:35

Health: -1/13      AC:  2    Str:  8    XL:     1   Next: 91%
Magic:  1/3        EV: 12    Int: 16    God:
Gold:   0          SH:  0    Dex: 13    Spells: 3/4 levels left

rFire   . . .      SeeInvis .   (no weapon)
rCold   . . .      Faith    .   (no shield)
rNeg    . . .      Spirit   .   a - +0 robe
rPois   .          Reflect  .   (no helmet)
rElec   .          Harm     .   (no cloak)
rCorr   .          Rampage  .   (no gloves)
Will    .....                   (no boots)
Stlth   ++........              (no amulet)
HPRegen 0.04/turn               (no ring)
MPRegen 0.08/turn               (no ring)

@: flying
A: no striking features
a: no special abilities


You were on level 1 of the Dungeon.
You visited 1 branch of the dungeon, and saw 2 of its levels.

Inventory:

Missiles
 g - 3 javelins
 h - 5 poisoned darts
Armour
 a - a +0 robe (worn)
 f - a +0 leather armour
Potions
 b - a potion of magic


   Skills:
 + Level 1.9 Dodging
 + Level 1.9 Stealth
 + Level 2.1 Spellcasting
 + Level 1.2 Conjurations
 + Level 2.8 Fire Magic


You had 3 spell levels left.
You knew the following spells:

 Your Spells              Type           Power      Damage    Failure   Level
a - Foxfire               Conj/Fire      32%        2x1d5     9%          1

Your spell library contained the following spells:

 Spells                   Type           Power      Damage    Failure   Level
 Scorch                   Fire           20%        2d6       10%         2
 Conjure Flame            Conj/Fire      8%         6-21      26%         3
 Inner Flame              Hex/Fire       6%         N/A       34%         3
 Flame Wave               Conj/Fire      8%         2d5       65%         4


Dungeon Overview and Level Annotations

Branches:
Dungeon (2/15)

Altars:


Message History

You closely miss the giant cockroach. The quokka bites you.
The giant cockroach misses you.
You closely miss the quokka. The quokka bites you.
The giant cockroach bites you but does no damage.
You closely miss the quokka. The quokka barely misses you.
The giant cockroach barely misses you.
An endoplasm comes into view.
Your magical contamination has completely faded away.
The giant cockroach closely misses you. The quokka bites you.
The endoplasm quivers.
You hit the giant cockroach but do no damage.
The quokka bites you.
You are too injured to fight recklessly!
It was a potion of flight.
You feel very buoyant.
You fly up into the air.
The giant cockroach bites you but does no damage.
The quokka bites you.
* * * LOW HITPOINT WARNING * * *
The giant cockroach barely misses you.
It was a potion of curing.
You feel better.
The giant cockroach bites you but does no damage.
The quokka closely misses you. The giant cockroach barely misses you.
As you read the scroll labelled WENYOG NAMANA, it crumbles to dust.
It is a scroll of identify.
You don't have any unidentified items.
The giant cockroach misses you. The quokka barely misses you.
The giant cockroach bites you but does no damage.
Okay, then.
You hit the giant cockroach but do no damage.
The giant cockroach bites you but does no damage.
The giant cockroach barely misses you.
The quokka twitches its whiskers.
The quokka bites you. The giant cockroach bites you.
* * * LOW HITPOINT WARNING * * *
The giant cockroach misses you. The quokka barely misses you.
You barely miss the giant cockroach. The giant cockroach bites you.
* * * LOW HITPOINT WARNING * * *
The quokka bites you.
You die...

...## #.....######.#
#...##..........รท.#
#........####>..#
###......# #...# #
#......# #...#
###..#######......#
#####
.$...........J....#
.!.....######Br...#
......# #@B...#
...... ####### .....
..... ####


You could see an endoplasm, a quokka and 2 giant cockroaches.

Vanquished Creatures
  A ball python (D:1)
  An endoplasm (D:2)
  2 hobgoblins
  A quokka (D:2)
  A bat (D:2)
6 creatures vanquished.

Vanquished Creatures (others)
  24 foxfires
24 creatures vanquished.

Grand Total: 30 creatures vanquished

Notes
Turn   | Place    | Note
-------+----------+-------------------------------------------
     0 | D:1      | croobank the Demonspawn Fire Elementalist began the quest
                  | for the Orb.
     0 | D:1      | Reached XP level 1. HP: 13/13 MP: 3/3
   387 | D:1      | Slain by a quokka

Illustrated notes

Levels and vault maps discovered:
D:1:      minmay_arrival_solitary_statue, layout_rooms,
          shapermc_ecumenical_altar_acropolis, hangedman_decor_points
D:2:      layout_basic

Action                   || total
-------------------------++-------
Melee: Unarmed           ||     7
 Cast: Foxfire           ||    15
  Use: Potion            ||     2
       Scroll            ||     1
Armor: Robe              ||    13
Dodge: Dodged            ||    22
